 Dungeon Crawl Stone Soup version 0.28-a0-537-g3bccd9ccbf (webtiles) character file.

Game seed: 18303192923821617759

105 speeev33 the Skirmisher (level 4, -1/29 HPs)
             Began as a Gargoyle Fighter on Sept 28, 2021.
             Slain by Terence (11 damage)
             ... on level 2 of the Dungeon.
             The game lasted 00:03:35 (2692 turns).

speeev33 the Skirmisher (Gargoyle Fighter)          Turns: 2692, Time: 00:03:36

Health: -1/29      AC: 10    Str: 20    XL:     4   Next: 81%
Magic:  4/4        EV:  9    Int:  9    God:
Gold:   75         SH:  4    Dex:  9    Spells: 3/3 levels left

rFire   . . .      SeeInvis .   a - +0 flail
rCold   . . .      Faith    .   c - +0 buckler
rNeg    + . .      Spirit   .   b - +0 scale mail
rPois   ∞          Reflect  .   (no helmet)
rElec   +          Harm     .   (no cloak)
rCorr   .          Rampage  .   (no gloves)
Will    .....                   (no boots)
Stlth   ..........              (no amulet)
HPRegen 0.09/turn               (no ring)
MPRegen 0.09/turn               (no ring)

@: no status effects
A: sickness immunity, AC +3, negative energy resistance 1, electricity
resistance, torment resistance 1, petrification resistance
a: no special abilities


You were on level 2 of the Dungeon.
You visited 1 branch of the dungeon, and saw 2 of its levels.

You collected 75 gold pieces.

Inventory:

Hand Weapons
 a - a +0 flail (weapon)
Armour
 b - a +0 scale mail (worn)
 c - a +0 buckler (worn)
Scrolls
 f - a scroll of vulnerability {unknown}
 g - 2 scrolls of teleportation
 h - a scroll of identify {unknown}
Potions
 d - a potion of might
 e - 2 potions of haste {unknown}


   Skills:
 + Level 4.1 Fighting
 + Level 3.0 Maces & Flails
 + Level 4.1 Armour
 - Level 4.0 Shields


You had 3 spell levels left.
You didn't know any spells.
Your spell library contained the following spells:

 Spells                   Type           Power      Damage    Failure   Level
 Freeze                   Ice            0%         1d3       75%         1
 Slow                     Hex            0%         N/A       86%         2
 Confusing Touch          Hex            0%         N/A       98%         3
 Frozen Ramparts          Ice            0%         1d2       98%         3
 Hailstorm                Conj/Ice       0%         3d3       100%        4
 Yara's Violent Unravell  Hex/Tmut       0%         3d3       100%        5


Dungeon Overview and Level Annotations

Branches:
Dungeon (2/15)

Altars:
Xom

Shops:
D:1 (

Annotations:
D:2 Terence


Innate Abilities, Weirdness & Mutations

You are immune to sickness and miasma.
Your stone body is resilient. (AC +3)
You are immune to poison.
You resist negative energy. (rN+)
You are resistant to electric shocks. (rElec)
You are resistant to unholy torment.
You are immune to petrification.


Message History

Found a shimmering altar of Xom.
There is a shimmering altar of Xom here.
h - a scroll labelled NOGATZ KEDDUID
g - 2 scrolls of teleportation (gained 1)
Found a hand axe.
Found an escape hatch in the ceiling.
You see here a +0 hand axe.
There is an escape hatch in the ceiling here.
A frilled lizard comes into view.
Found 15 gold pieces and a scroll labelled NOGATZ KEDDUID.
The frilled lizard hisses angrily.
Terence the Incautious comes into view.
He is wielding a +2 flail of draining.
The frilled lizard moves out of view.
Terence is nearby!
Terence shouts!
The frilled lizard bites you but does no damage.
You hit Terence but do no damage.
Terence hits you with a +2 flail of draining.
You closely miss Terence. Terence hits you but does no damage.
You closely miss Terence.
Terence hits you with a +2 flail of draining. x2
You hit Terence but do no damage.
Terence hits you with a +2 flail of draining!
You barely miss Terence. You block Terence's attack.
You barely miss Terence. Terence completely misses you.
You hit Terence.
Terence is moderately wounded.
Terence hits you with a +2 flail of draining.
You block Terence's attack.
You closely miss Terence.
Terence is moderately wounded.
You block Terence's attack.
You hit Terence.
Terence is heavily wounded.
Terence hits you but does no damage.
You hit Terence but do no damage.
Terence is heavily wounded.
Terence barely misses you.
Terence hits you with a +2 flail of draining!
You die...

#.#######.## ############...
#.# #......# ####........#
#.#. #.###.###..#
#......####.###.#.
##.##.##.#.#
#.##.#.###...##...
##.....##.###.##.#.##.....#.8.
#..#..##........#.##.....#...
#.###.######.####.##.....##.#
#..#....####.###..##....##...
##...##.....@.....##.#####.8.
###.##..###@###.###....##...
#.###.##.l.##.######.#...# #.#
#.#.....#..## #......
####.###.#.....#...# #.##.8.
#......#.#?.$..#.#.# #.##...
#.##.#.#.##...##...####>#####
#.##.#.#.#######........# #
#.##...............####.# #


You could see Terence and a frilled lizard.

Vanquished Creatures
  A jelly (D:2)
  An adder (D:2)
  2 worms (D:2)
  A dart slug (D:2)
  3 ball pythons (D:2)
  3 bats
  12 endoplasms
  A giant cockroach (D:1)
  4 goblins
  3 hobgoblins
  4 jackals (D:1)
  11 kobolds
  2 quokkas
  4 frilled lizards
  2 rats
54 creatures vanquished.

Vanquished Creatures (others)
  3 fungi (D:2)
  9 toadstools (D:2)
12 creatures vanquished.

Grand Total: 66 creatures vanquished

Notes
Turn   | Place    | Note
-------+----------+-------------------------------------------
     0 | D:1      | speeev33 the Gargoyle Fighter began the quest for the Orb.
     0 | D:1      | Reached XP level 1. HP: 14/14 MP: 1/1
   379 | D:1      | Reached XP level 2. HP: 19/19 MP: 2/2
   395 | D:1      | Found a faded altar of an unknown god.
   449 | D:1      | Found Pyaxyt's Antique Weapon Shop.
  1094 | D:2      | Reached XP level 3. HP: 18/23 MP: 3/3
  1399 | D:2      | Reached XP level 4. HP: 15/29 MP: 4/4
  1411 | D:2      | HP: 1/29 [frozen (4)]
  2604 | D:2      | Found a shimmering altar of Xom.
  2678 | D:2      | Noticed Terence
  2692 | D:2      | Slain by Terence

Illustrated notes

Levels and vault maps discovered:
D:1:      heliophobic_arrival_glass_houses, layout_rooms, serial_shops,
          nicolae_lakefront_shop, ebering_ecumenical_altar_webs
D:2:      cheibrodos_fertilizer, layout_loops_cross, basic_altar,
          minmay_misc_feat_enclosed, minmay_misc_feat_four_crosses,
          minmay_misc_feat_cross, serial_park_tiny_pond, uniq_terence

Skill      XL: |  1  2  3  4 |
---------------+-------------+-----
Shields        | 4 |  4.0
Fighting       | 4 |  4.1
Armour         | 4 |  4.1
Maces & Flails | 3 |  3.0

Action                   |  1- 3 |  4- 6 || total
-------------------------+-------+-------++-------
Melee: Flail             |    87 |    84 ||   171
  Use: Scroll            |     1 |       ||     1
Armor: Scale mail        |    43 |    33 ||    76
Dodge: Dodged            |    44 |    26 ||    70
Block: Buckler           |    22 |    12 ||    34

Table legend: (Time is in decaauts)
 A = Elapsed time spent in this place.
 B = Non-inter-level travel time spent in this place.
 C = Inter-level travel time spent in this place.
 D = Time resting spent in this place.
 E = Time spent auto-exploring this place.
 F = Levels seen in this place.
 G = Mean time per level.
                   A        B        C        D        E       F      G
               +--------+--------+--------+--------+--------+-----+--------+
         Total |   2739 |   2711 |     28 |   1234 |    943 |   2 | 1369.5 |
       Dungeon |   2739 |   2711 |     28 |   1234 |    943 |   2 | 1369.5 |
               +--------+--------+--------+--------+--------+-----+--------+

Top non-repeatable levels by time:
     D:2: 1374 daAuts
     D:1: 1365 daAuts
